[Event "Team 45 45 League T48"]
[Site "Internet Chess Club"]
[Date "2011.03.07"]
[Round "4"]
[White "noblitz-oblige"]
[Black "az2112"]
[Result "1-0"]
[WhiteElo "1716"]
[BlackElo "1755"]
[Opening "Sicilian: Najdorf"]
[ECO "B90"]
[Time "21:45:19"]
[TimeControl "2700+45"]

1. e4 c5 2. Nf3 d6 3. d4 cxd4 4. Nxd4 Nf6 5. Nc3 a6 6. a3 e6 7. Bc4 b5 8. Bd3
Bb7 9. O-O Nbd7 10. f4 Nc5 11. Qe2 Be7 12. Bd2 O-O 13. Rf3 Qb6 14. Be3 b4 15.
axb4 Qxb4 16. Nb3 Nxb3 17. Ra4 Nc1 18. Rxb4 Nxe2+ 19. Nxe2 Bc6 20. Nd4 d5 21.
Nxc6 Bxb4 22. e5 Ng4 23. Nxb4 Nxe3 24. Rxe3 Rfb8 25. Nxa6 Rxb2 26. Nc5 Rb4 27.
g3 Rb1+ 28. Kf2 Rbb8 29. g4 Ra5 30. Nb3 Ra4 31. Kg3 Rc8 32. Rf3 h6 33. h4 Kf8
34. f5 Ke7 35. fxe6 fxe6 36. Bg6 Rf8 37. Rxf8 Kxf8 38. Nc5 Ra3+ 39. Kf4 Ke7 40.
Nb3 Ra4+ 41. Kf3 Rc4 42. Bd3 Ra4 43. Nc1 h5 44. gxh5 Rxh4 45. Bg6 Rc4 46. Nb3
Ra4 47. Ke3 Rc4 48. Nd4 Rc3+ 49. Kd2 Rc4 50. Nb5 Rc5 51. Nd6 d4 52. Ne8 Rxe5 53.
Nxg7 Kf6 54. Ne8+ Kg5 55. Nd6 Re3 56. c4 Kh6 57. Nf7+ Kg7 58. Nd6 Rc3 59. Bf7 e5
60. Bg6 Rf3 61. Nf7 Re3 62. Ng5 Rc3 63. Bd3 Ra3 64. c5 Kh6 65. Nf7+ Kxh5 66.
Nxe5 Rc3 67. c6 Kg5 68. Nf3+ Kf6 69. Nxd4 Rxd3+ 70. Kxd3 Ke7 71. Kc4 Kd6 72. Kb5
Kc7 73. Kc5 Kc8 74. Kd6 Kd8 75. c7+ Kc8 76. Ne6 {Black resigns} 1-0

[Event "Team 45 45 League T48"]
[Site "Internet Chess Club"]
[Date "2011.03.04"]
[Round "4"]
[White "Tamarin"]
[Black "Achelous"]
[Result "1-0"]
[WhiteElo "1726"]
[BlackElo "1635"]
[Opening "Bogo-Indian defense, Nimzovich variation"]
[ECO "E11"]
[Time "19:30:28"]
[TimeControl "2700+45"]

1. d4 Nf6 2. c4 e6 3. Nf3 Bb4+ 4. Bd2 Qe7 5. a3 Bxd2+ 6. Qxd2 b5 7. cxb5 c6 8.
bxc6 Nxc6 9. e3 Ne4 10. Qc2 f5 11. Bd3 Qd8 12. Bxe4 fxe4 13. Qxe4 Ba6 14. d5 Na5
15. dxe6 O-O 16. e7 Qc7 17. exf8=Q+ Rxf8 18. Qd5+ Kh8 19. Nc3 Bc4 20. Qe4 Nb3
21. Rd1 Ba6 22. Qe7 Rc8 23. Rxd7 {Black resigns} 1-0

[Event "Team 45 45 League T48"]
[Site "Internet Chess Club"]
[Date "2011.03.07"]
[Round "4"]
[White "Warpdrive"]
[Black "clarinetref"]
[Result "1/2-1/2"]
[WhiteElo "1574"]
[BlackElo "1611"]
[Opening "Ruy Lopez: closed, Averbach variation"]
[ECO "C87"]
[Time "20:04:23"]
[TimeControl "2700+45"]

1. e4 e5 2. Nf3 Nc6 3. Bb5 a6 4. Ba4 Nf6 5. O-O Be7 6. Re1 d6 7. c3 b5 8. Bc2
O-O 9. h3 Re8 10. d4 exd4 11. cxd4 Nb4 12. Nbd2 Nxc2 13. Qxc2 Bd7 14. Nf1 g6 15.
Bg5 Rc8 16. Rad1 c5 17. dxc5 Rxc5 18. Qd3 Qc7 19. Bxf6 Bxf6 20. Qxd6 Be6 21.
Qxc7 Rxc7 22. e5 Be7 23. Rc1 Rxc1 24. Rxc1 Bxa2 25. Ra1 Bd5 26. Rxa6 Ra8 27.
Rxa8+ Bxa8 28. Nd4 b4 29. Nd2 Bc5 30. N2f3 Bd5 31. Kf1 Kf8 32. Ke2 h5 33. h4 Ke7
34. Kd3 Kd7 35. Ng5 Ke7 36. g3 Kd7 37. f3 Be7 38. f4 Ba2 39. Kc2 Bc5 40. b3 Bxd4
41. Nxf7 Bf2 42. Nh8 Bxg3 43. Nxg6 Ke6 44. Nf8+ Kf7 45. Nd7 Bxf4 46. Kb2 Bxb3
47. Kxb3 Ke6 48. Nf6 Bxe5 49. Nxh5 Bc3 50. Nf4+ Kf5 51. Nd3 Kg4 {Game drawn by
mutual agreement} 1/2-1/2

[Event "Team 45 45 League T48"]
[Site "Internet Chess Club"]
[Date "2011.03.04"]
[Round "4"]
[White "amanileo"]
[Black "UsuallySleepy"]
[Result "1/2-1/2"]
[WhiteElo "1867"]
[BlackElo "1806"]
[Opening "Queen's Indian: 4.Nc3"]
[ECO "E12"]
[Time "08:00:49"]
[TimeControl "2700+45"]

1. d4 Nf6 2. Nf3 b6 3. c4 e6 4. Nc3 Bb7 5. e3 Bb4 6. Bd2 O-O 7. Be2 d5 8. O-O
Bd6 9. Rc1 a6 10. a3 dxc4 11. Bxc4 Nbd7 12. Re1 c5 13. dxc5 Nxc5 14. b4 Nce4 15.
Nxe4 Nxe4 16. Bc3 Nxc3 17. Rxc3 Rc8 18. Rc1 b5 19. Be2 Rxc1 20. Qxc1 Qf6 21. Qd2
Rd8 22. Qc2 Rc8 23. Qd3 {Game drawn by mutual agreement} 1/2-1/2

[Event "Team 45 45 League T48"]
[Site "Internet Chess Club"]
[Date "2011.03.06"]
[Round "4"]
[White "kabindra"]
[Black "Bacon1290"]
[Result "1-0"]
[WhiteElo "1783"]
[BlackElo "1713"]
[Opening "Sicilian defense"]
[ECO "B30"]
[Time "13:30:24"]
[TimeControl "2700+45"]

1. e4 c5 2. Nf3 Nc6 3. Bc4 e6 4. d4 cxd4 5. Nxd4 Nf6 6. Nc3 Bb4 7. Bg5 h6 8.
Bxf6 Qxf6 9. Nb5 O-O 10. O-O a6 11. Nd6 Qe7 12. Nxc8 Raxc8 13. Be2 Qf6 14. Qxd7
Bxc3 15. bxc3 Qxc3 16. Qxb7 Qxc2 17. Bxa6 Rb8 18. Qc7 Qxe4 19. Bb7 Qe5 20. Qxc6
Rfd8 21. Rfe1 Qd4 22. Qe4 Qb6 23. Rab1 Qd6 24. Qf3 Rd7 25. Be4 Rbd8 26. Bc2 Qa6
27. Qe4 Qxa2 28. Qh7+ Kf8 29. Bb3 Qa7 30. Qh8+ Ke7 31. Qxg7 Rd6 32. Qxh6 Rd2 33.
Qg5+ Ke8 34. Qh4 R8d4 35. Qg3 R4d3 36. Qh4 Rd4 37. Qh8+ Ke7 38. h3 Rxf2 39. Kh1
Qb7 40. Qg7 Re4 41. Qg5+ Kf8 42. Qc5+ Kg8 43. Qxf2 {Black resigns} 1-0

[Event "Team 45 45 League T48"]
[Site "Internet Chess Club"]
[Date "2011.03.05"]
[Round "4"]
[White "CARLOK"]
[Black "Muravey"]
[Result "0-1"]
[WhiteElo "1686"]
[BlackElo "1686"]
[Opening "Philidor: exchange variation"]
[ECO "C41"]
[Time "17:00:29"]
[TimeControl "2700+45"]

1. e4 e5 2. Nf3 d6 3. d4 exd4 4. Qxd4 Nc6 5. Bb5 Bd7 6. Qd1 Nf6 7. Nc3 Be7 8.
O-O O-O 9. Bg5 a6 10. Ba4 b5 11. Bb3 b4 12. Nd5 h6 13. Nxf6+ Bxf6 14. Bxf6 Qxf6
15. Rb1 Bg4 16. h3 Bxf3 17. Qxf3 Qxf3 18. gxf3 Ne5 19. Kg2 g5 20. h4 gxh4 21. f4
Ng6 22. Kf3 Kh7 23. Rh1 f5 24. Rbe1 fxe4+ 25. Rxe4 c5 26. Kg4 Rf6 27. Be6 Re8
28. f5 Ne5+ 29. Kh3 Nf3 30. Kg2 Ng5 31. Rexh4 Nxe6 32. fxe6 Rexe6 33. Rc1 Re2
34. Kg3 Rfxf2 35. Rf4 Rxf4 36. Kxf4 Kg7 37. Kg4 Kg6 38. a3 bxa3 39. bxa3 Re3 40.
c3 Re4+ 41. Kf3 Ra4 42. Rd1 Rxa3 43. Rxd6+ Kg7 44. Kg4 Rxc3 45. Rxa6 Rc4+ 46.
Kh5 Rc1 47. Ra7+ Kf6 48. Rc7 c4 49. Rc6+ Ke5 50. Kxh6 Kd4 51. Kg5 Rg1+ 52. Kf4
Rf1+ 53. Kg3 c3 54. Rc8 Kd3 55. Rd8+ Kc2 56. Re8 Rd1 57. Kf3 Rd3+ 58. Ke2 Rd2+
59. Ke1 Kc1 60. Rc8 Kb2 61. Rb8+ Kc2 62. Rb7 Rd1+ 63. Ke2 Rb1 64. Rc7 Rb4 65.
Re7 Kb2 66. Kd3 c2 67. Re2 Rb3+ 68. Kc4 Rc3+ 69. Kb4 Rc8 70. Rh2 Kb1 {White
resigns} 0-1

[Event "Team 45 45 League T48"]
[Site "Internet Chess Club"]
[Date "2011.03.08"]
[Round "4"]
[White "CheeryCherry"]
[Black "RD1974"]
[Result "1-0"]
[WhiteElo "1433"]
[BlackElo "1685"]
[Opening "Scandinavian: Pytel-Wade variation"]
[ECO "B01"]
[Time "18:15:18"]
[TimeControl "2700+45"]

1. e4 d5 2. exd5 Qxd5 3. Nc3 Qd6 4. Nf3 Nf6 5. d4 a6 6. Be3 b5 7. a3 Bb7 8. Be2
Nbd7 9. O-O e6 10. h3 Be7 11. Qd2 Rd8 12. Rad1 Nd5 13. Nxd5 Qxd5 14. Ne1 Nf6 15.
Bf3 Ne4 16. Qd3 O-O 17. c3 h6 18. Nc2 c5 19. Rfe1 c4 20. Qe2 a5 21. Bxh6 f5 22.
Bf4 Bf6 23. Bc7 Ra8 24. Bb6 Kf7 25. Bc5 Rh8 26. a4 Qd7 27. axb5 Qxb5 28. Na3 Qd7
29. Nxc4 Qc7 30. Nd6+ Nxd6 31. Qxe6+ Kg6 32. Bxd6 Qb6 33. Bxb7 Qxb7 34. Re5 Rh5
35. Rd3 Qxb2 36. Rg3+ Kh7 37. Re1 Qd2 38. Be7 Re8 39. Re2 Qc1+ 40. Re1 Qd2 41.
Bxf6 Rxe6 42. Rxg7+ Kh6 43. Rxe6 Qc1+ 44. Kh2 Qf4+ 45. Rg3 Kh7 46. Re7+ Kh6 47.
Bg7+ Kh7 48. Be5+ Kh6 49. Bxf4+ Rg5 50. Bxg5+ Kg6 51. Bh4+ Kh6 52. Reg7 f4 53.
R3g6+ Kh5 54. Bd8 f3 55. g4# {Black checkmated} 1-0

[Event "Team 45 45 League T48"]
[Site "Internet Chess Club"]
[Date "2011.03.06"]
[Round "4"]
[White "chessateer"]
[Black "mickeys"]
[Result "0-1"]
[WhiteElo "1864"]
[BlackElo "1980"]
[Opening "Nimzovich-Larsen attack"]
[ECO "A01"]
[Time "10:09:43"]
[TimeControl "2700+45"]

1. b3 e6 2. Bb2 d5 3. e3 Nf6 4. f4 c5 5. Nf3 Bd6 6. Bb5+ Bd7 7. Qe2 a6 8. Bxd7+
Nbxd7 9. Nc3 O-O 10. O-O-O b5 11. Rdg1 Qc7 12. g4 d4 13. Nd1 dxe3 14. dxe3 c4
15. h4 cxb3 16. axb3 e5 17. f5 Nc5 18. e4 Nxb3+ 19. Kb1 Nc5 20. Nc3 Qb7 21. Nd2
b4 22. Nd5 Nxd5 23. exd5 Qxd5 24. g5 Na4 25. Ne4 Nc3+ {White resigns} 0-1

[Event "Team 45 45 League T48"]
[Site "Internet Chess Club"]
[Date "2011.03.07"]
[Round "4"]
[White "OxidisedLizard"]
[Black "cknights"]
[Result "1-0"]
[WhiteElo "1864"]
[BlackElo "1845"]
[Opening "Sicilian: Scheveningen (Paulsen), classical variation"]
[ECO "B84"]
[Time "12:24:26"]
[TimeControl "2700+45"]

1. e4 c5 2. Nf3 d6 3. d4 cxd4 4. Nxd4 Nf6 5. Nc3 a6 6. Be2 e6 7. Be3 Be7 8. O-O
Qc7 9. f4 O-O 10. a4 b6 11. Bf3 Bb7 12. f5 e5 13. Nb3 Nbd7 14. g4 Nc5 15. Nxc5
dxc5 16. Qe2 Rfd8 17. g5 Ne8 18. h4 Rac8 19. Kh1 f6 20. Qg2 Nd6 21. Rad1 Nc4 22.
Bc1 Rd4 23. b3 Na5 24. Rde1 Rdd8 25. Rd1 Kh8 26. Rg1 Rxd1 27. Bxd1 Rd8 28. h5
fxg5 29. Bxg5 Bxg5 30. Qxg5 h6 31. Qe3 Rf8 32. Rg6 Rxf5 33. Kg1 Rf4 34. Bg4 Qd8
35. Bf5 Qh4 36. Qg3 Qxg3+ 37. Rxg3 Kg8 38. Rg6 Bc6 39. Re6 Bd7 40. Rxb6 Bxf5 41.
exf5 Rxf5 42. Rxa6 Nb7 43. Ra8+ Kh7 44. Rb8 Rf7 45. Re8 Rf5 46. Re7 Na5 47. Ra7
Nc6 48. Rc7 Nd4 49. Rxc5 Nxc2 50. Nd5 Nd4 51. b4 Ne2+ 52. Kg2 Rxh5 53. a5 Rg5+
54. Kf2 Nd4 55. a6 Rf5+ 56. Kg2 Rg5+ 57. Kf2 Rf5+ 58. Ke1 Rh5 59. a7 Rh1+ 60.
Kf2 Rh2+ 61. Kg3 {Black resigns} 1-0

[Event "Team 45 45 League T48"]
[Site "Internet Chess Club"]
[Date "2011.03.06"]
[Round "4"]
[White "cosen"]
[Black "parrot9"]
[Result "1-0"]
[WhiteElo "1727"]
[BlackElo "1597"]
[Opening "Sicilian: wing gambit"]
[ECO "B20"]
[Time "14:00:41"]
[TimeControl "2700+45"]

1. e4 c5 2. b4 e6 3. bxc5 Bxc5 4. Bb2 Nf6 5. Nf3 O-O 6. d4 Bb6 7. Nbd2 Nc6 8.
Bd3 d6 9. O-O a6 10. a3 Bc7 11. h3 b5 12. Nh2 Bb7 13. Ng4 Nxg4 14. Qxg4 e5 15.
d5 Bc8 16. Qg3 Ne7 17. f4 f5 18. fxe5 dxe5 19. Bxe5 Bxe5 20. Qxe5 Ng6 21. Qd4
Qg5 22. Nf3 Qh5 23. e5 Bb7 24. c4 Rad8 25. d6 Bxf3 26. Rxf3 Nh4 27. Rf2 f4 28.
Qd5+ Kh8 29. Be4 bxc4 30. Raf1 g5 31. e6 Rf6 32. Qe5 Kg7 33. e7 Ng6 34. Qxf6+
{Black resigns} 1-0

[Event "Team 45 45 League T48"]
[Site "Internet Chess Club"]
[Date "2011.03.06"]
[Round "4"]
[White "tsia68"]
[Black "BlackHorse"]
[Result "0-1"]
[WhiteElo "1906"]
[BlackElo "2051"]
[Opening "English, 1...Nf6 (Anglo-Indian defense)"]
[ECO "A15"]
[Time "13:00:45"]
[TimeControl "2700+45"]

1. c4 Nf6 2. g3 g6 3. Bg2 Bg7 4. Nc3 O-O 5. e4 d6 6. Nge2 e5 7. O-O Nc6 8. d3 h6
9. h3 Be6 10. Be3 Qd7 11. Kh2 Ne7 12. Qd2 Kh7 13. b3 c6 14. d4 Qc7 15. d5 Bd7
16. Rac1 c5 17. f4 exf4 18. gxf4 a6 19. Kh1 Nh5 20. Rf3 Rad8 21. Rcf1 f5 22. e5
b5 23. e6 b4 24. Nd1 Bc8 25. Nb2 Nf6 26. Ng3 Bb7 27. R3f2 h5 28. Re2 h4 {White
resigns} 0-1

[Event "Team 45 45 League T48"]
[Site "Internet Chess Club"]
[Date "2011.03.05"]
[Round "4"]
[White "BuddyT"]
[Black "Duguesclin"]
[Result "1-0"]
[WhiteElo "1753"]
[BlackElo "1642"]
[Opening "QGA, 4.Nc3"]
[ECO "D24"]
[Time "12:00:25"]
[TimeControl "2700+45"]

1. d4 Nf6 2. Nf3 d5 3. c4 dxc4 4. Nc3 Bg4 5. e3 c5 6. Bxc4 e6 7. Qa4+ Nc6 8. Ne5
Qc7 9. Nxc6 bxc6 10. dxc5 Bxc5 11. O-O O-O 12. Bd3 Rfd8 13. Qc2 Bb6 14. Ne4 Nd5
15. Bd2 Rac8 16. Ng3 Qe5 17. h3 Nxe3 18. Bxe3 Bxe3 19. Rfe1 Bxf2+ 20. Qxf2 Qc7
21. Ba6 Rb8 22. hxg4 Qa5 23. Bc4 Rd2 24. Re2 Rbxb2 25. Rf1 Qb6 26. Kh2 Qxf2 27.
Rfxf2 Rxe2 28. Nxe2 g5 29. Rf3 a5 30. Ra3 Rc2 31. Ra4 Kg7 32. Nd4 Rf2 33. Nxc6
Rf4 34. Kg3 f5 35. gxf5 exf5 36. Bb3 Rf1 37. Rxa5 Kf6 38. Nd4 f4+ 39. Kg4 h6 40.
Rf5+ Kg7 41. Ne6+ Kg6 42. Nf8+ Kg7 43. Rf7+ {Black resigns} 1-0

[Event "Team 45 45 League T48"]
[Site "Internet Chess Club"]
[Date "2011.03.03"]
[Round "4"]
[White "room-matt"]
[Black "parpin"]
[Result "1/2-1/2"]
[WhiteElo "1681"]
[BlackElo "1870"]
[Opening "Richter-Veresov attack"]
[ECO "D01"]
[Time "14:34:07"]
[TimeControl "2700+45"]

1. d4 d5 2. Nc3 Nf6 3. Bg5 e6 4. e3 Bb4 5. Nf3 Nbd7 6. Bd3 h6 7. Bh4 c6 8. O-O
O-O 9. Ne2 Bd6 10. Bg3 Qc7 11. c3 e5 12. dxe5 Nxe5 13. Nxe5 Bxe5 14. Re1 Bd7 15.
Qc2 Rfe8 16. Rad1 Rad8 17. Bxe5 Qxe5 18. Nf4 {Game drawn by mutual agreement}
1/2-1/2

[Event "Team 45 45 League T48"]
[Site "Internet Chess Club"]
[Date "2011.03.02"]
[Round "4"]
[White "wrimle"]
[Black "Konstantinos"]
[Result "1-0"]
[WhiteElo "1668"]
[BlackElo "1696"]
[Opening "Sicilian: closed"]
[ECO "B23"]
[Time "15:00:13"]
[TimeControl "2700+45"]

1. e4 c5 2. Nc3 d6 3. g3 Nf6 4. Bg2 g6 5. d3 Bg7 6. f4 O-O 7. Nf3 Nc6 8. O-O Bg4
9. h3 Bd7 10. Be3 Re8 11. Ne2 Rb8 12. c3 a6 13. Qd2 b5 14. Nh4 Qc8 15. f5 e5 16.
Bh6 Ne7 17. Bxg7 Kxg7 18. g4 Rf8 19. g5 Nxe4 20. f6+ Kg8 21. dxe4 Nc6 22. Kh2
Be6 23. Qe1 b4 24. Nf3 bxc3 25. Qh4 Kh8 26. Qh6 Rg8 27. b3 Nd4 28. Nxc3 Qb7 29.
Nxd4 cxd4 30. Nd5 Bxd5 31. exd5 Qb4 32. Rac1 Qd2 33. Rc7 Rbf8 34. Rfc1 Qf4+ 35.
Kh1 Qf5 36. Rf1 Qd3 37. h4 Qe3 38. Rf3 Qd2 39. Rh3 Qf4 40. h5 Qf5 41. hxg6 Qxg6
42. Qxg6 Rxg6 43. Be4 Kg8 44. Bxg6 hxg6 45. Rc2 {Black resigns} 1-0

[Event "Team 45 45 League T48"]
[Site "Internet Chess Club"]
[Date "2011.03.07"]
[Round "4"]
[White "cityprosecutor"]
[Black "alexping"]
[Result "0-1"]
[WhiteElo "1711"]
[BlackElo "1948"]
[Opening "French: King's Indian attack"]
[ECO "C00"]
[Time "11:00:52"]
[TimeControl "2700+45"]

1. e4 e6 2. d3 d5 3. Nd2 c5 4. g3 Nf6 5. Bg2 Nc6 6. Ngf3 dxe4 7. dxe4 e5 8. c3
h6 9. Qe2 Qc7 10. a4 Be6 11. Nc4 a6 12. O-O Bxc4 13. Qxc4 Na5 14. Qa2 c4 15. Nd2
Bc5 16. b4 cxb3 17. Nxb3 Nxb3 18. Qxb3 O-O 19. Rb1 b6 20. h3 Rfd8 21. Re1 Rd3
22. g4 Rxc3 23. Qb2 Bd4 24. Be3 Rxe3 {White resigns} 0-1

[Event "Team 45 45 League T48"]
[Site "Internet Chess Club"]
[Date "2011.03.07"]
[Round "4"]
[White "Atlantis"]
[Black "misuc56"]
[Result "1/2-1/2"]
[WhiteElo "1862"]
[BlackElo "1836"]
[Opening "Queen's gambit declined"]
[ECO "D30"]
[Time "17:07:38"]
[TimeControl "2700+45"]

1. d4 d5 2. c4 e6 3. Nf3 c6 4. Bf4 f5 5. c5 Nf6 6. g3 Be7 7. Bg2 O-O 8. O-O Nbd7
9. Nbd2 h6 10. Ne5 Qe8 11. Ndf3 Ne4 12. Nxd7 Bxd7 13. Ne5 g5 14. Nxd7 Qxd7 15.
Be5 Nf6 16. e3 b5 17. b4 Qe8 18. a4 a6 19. axb5 axb5 20. Bxf6 Bxf6 21. Qc2 Qd7
22. f4 g4 23. Ra2 Rxa2 24. Qxa2 Qb7 25. Ra1 h5 26. h4 gxh3 27. Bxh3 h4 28. gxh4
Bxh4 29. Qa7 Qxa7 30. Rxa7 Rc8 31. Kf1 Bd8 {Game drawn by mutual agreement}
1/2-1/2

[Event "Team 45 45 League T48"]
[Site "Internet Chess Club"]
[Date "2011.03.06"]
[Round "4"]
[White "rubo"]
[Black "jps7"]
[Result "0-1"]
[WhiteElo "1661"]
[BlackElo "1667"]
[Opening "Bird's opening"]
[ECO "A03"]
[Time "14:03:06"]
[TimeControl "2700+45"]

1. f4 d5 2. Nf3 Nf6 3. e3 Bg4 4. h3 Bxf3 5. Qxf3 e6 6. c4 c6 7. b3 Bb4 8. a3 Be7
9. Bb2 O-O 10. Be2 Qb6 11. b4 dxc4 12. Bxc4 Nbd7 13. O-O Bxb4 14. Bxf6 Nxf6 15.
axb4 Qxb4 16. Qe2 b5 17. Bd3 Rfd8 18. Nc3 Qd6 19. Ne4 Qxd3 20. Nxf6+ gxf6 21.
Qg4+ Qg6 22. Qxg6+ fxg6 23. d4 a5 24. Rfc1 Rdc8 25. Rc5 a4 26. Rac1 a3 27. Rxc6
Rxc6 28. Rxc6 a2 29. Rxe6 a1=Q+ 30. Kh2 f5 31. Re5 Qb2 32. d5 Ra2 {White
resigns} 0-1

[Event "Team 45 45 League T48"]
[Site "Internet Chess Club"]
[Date "2011.03.05"]
[Round "4"]
[White "QueensCounselor"]
[Black "DavidBarnsley"]
[Result "1-0"]
[WhiteElo "2145"]
[BlackElo "1987"]
[Opening "QGD Slav: Dutch variation, main line"]
[ECO "D19"]
[Time "15:00:44"]
[TimeControl "2700+45"]

1. d4 d5 2. c4 c6 3. Nf3 Nf6 4. Nc3 dxc4 5. a4 Bf5 6. e3 e6 7. Bxc4 Bb4 8. O-O
O-O 9. Qe2 Nbd7 10. e4 Bg6 11. e5 Nd5 12. Ne4 Be7 13. Rd1 c5 14. Bxd5 exd5 15.
Nc3 cxd4 16. Rxd4 Be4 17. Nxe4 dxe4 18. Qxe4 Bc5 19. Rd1 Qe7 20. Bg5 Qe6 21.
Rac1 Rac8 22. b4 Bb6 23. Rxc8 Rxc8 24. Qxb7 Rc7 25. Qb8+ Nf8 26. Rd8 Qe7 27. Bd2
Qxb4 28. Bxb4 Rc1+ 29. Ne1 {Black resigns} 1-0

[Event "Team 45 45 League T48"]
[Site "Internet Chess Club"]
[Date "2011.03.06"]
[Round "4"]
[White "Camden772"]
[Black "fledermaus"]
[Result "1/2-1/2"]
[WhiteElo "1782"]
[BlackElo "1849"]
[Opening "Sicilian: closed"]
[ECO "B23"]
[Time "14:30:09"]
[TimeControl "2700+45"]

1. e4 c5 2. Nc3 e6 3. g3 Nc6 4. Bg2 g6 5. d3 Bg7 6. Be3 d6 7. Qd2 Nd4 8. f4 Qa5
9. Nf3 Ne7 10. O-O Nec6 11. Rf2 O-O 12. f5 exf5 13. Bh6 Nxf3+ 14. Rxf3 Nd4 15.
Rf2 Be6 16. Raf1 fxe4 17. Bxg7 Kxg7 18. Bxe4 f5 19. Bg2 Rae8 20. Qf4 Qc7 21. h4
h6 22. Kh1 Qd7 23. Nd5 Ne2 24. Rxe2 Bxd5 25. Rfe1 Bxg2+ 26. Kxg2 Rxe2+ 27. Rxe2
Rf6 28. d4 Re6 29. Rxe6 Qxe6 30. dxc5 Qd5+ 31. Kh2 Qxc5 32. c3 a6 33. Qf3 Qc6
34. Qe3 Qe4 35. Qb6 Qe2+ 36. Kh3 Qg4+ 37. Kh2 Qe2+ 38. Kh3 Qe7 39. Qd4+ Kh7 40.
Qd5 Qd7 41. Kh2 g5 42. hxg5 hxg5 43. b4 Kg7 44. g4 {Game drawn by mutual
agreement} 1/2-1/2

[Event "Team 45 45 League T48"]
[Site "Internet Chess Club"]
[Date "2011.03.02"]
[Round "4"]
[White "fishhead"]
[Black "JFlamer"]
[Result "0-1"]
[WhiteElo "1749"]
[BlackElo "1781"]
[Opening "Ruy Lopez: old Steinitz defense"]
[ECO "C62"]
[Time "10:00:41"]
[TimeControl "2700+45"]

1. e4 e5 2. Nf3 Nc6 3. Bb5 d6 4. O-O Be7 5. c3 Nf6 6. Qe2 O-O 7. Rd1 Bg4 8. h3
Bh5 9. d3 Qc8 10. Nbd2 d5 11. Nf1 dxe4 12. dxe4 Bd6 13. Ng3 Bg6 14. Nh4 a6 15.
Ba4 Nd7 16. Nhf5 b5 17. Bb3 Nf6 18. Nxd6 cxd6 19. Rxd6 Qc7 20. Rd1 Na5 21. Bc2
Nc4 22. b3 Nd6 23. Bb2 Qc6 24. f3 Rac8 25. Rac1 Nb7 26. Bb1 Nh5 27. Nxh5 Bxh5
28. c4 f6 29. Bd3 b4 30. Qe3 Nc5 31. Bb1 a5 32. Rd2 Rfd8 33. Rcd1 Rxd2 34. Qxd2
Qb6 35. Qd6 Qa7 36. Kf1 Bf7 37. Ke2 Ne6 38. g3 h6 39. Bc2 Rd8 40. Qc6 Rxd1 41.
Bxd1 Qg1 42. Kd2 Qxg3 43. Qa8+ Kh7 44. Qxa5 Qf4+ 45. Kc2 Qh2+ 46. Kc1 Nf4 47.
Qd8 Bd5 48. Bc2 Qg1+ 49. Kd2 Qf2+ 50. Kd1 Qxf3+ 51. Kd2 Qe2+ 52. Kc1 Qe1+ 53.
Bd1 Ne2+ 54. Kc2 Bxe4+ {White resigns} 0-1

[Event "Team 45 45 League T48"]
[Site "Internet Chess Club"]
[Date "2011.03.06"]
[Round "4"]
[White "Rubikon81"]
[Black "OxidisedLizard"]
[Result "1-0"]
[WhiteElo "1699"]
[BlackElo "1847"]
[Opening "King's Indian defense, 3.Nc3"]
[ECO "E61"]
[Time "16:00:18"]
[TimeControl "2700+45"]

1. d4 Nf6 2. c4 g6 3. Nc3 Bg7 4. Nf3 d6 5. Bf4 O-O 6. e3 Nh5 7. Bg5 Nc6 8. Be2
h6 9. Bh4 g5 10. Bg3 Nxg3 11. hxg3 e5 12. d5 Ne7 13. Qb3 f5 14. c5 f4 15. gxf4
exf4 16. e4 Ng6 17. O-O-O b6 18. c6 Ne5 19. Nxe5 Bxe5 20. Rxh6 Rf6 21. Rh5 Rf7
22. Rdh1 Bg7 23. a3 Qe7 24. Qd1 Qe5 25. Bg4 Bf6 26. Bxc8 Rxc8 27. R1h3 Rb8 28.
Rh6 b5 29. Qh1 b4 30. Rg6+ Kf8 31. Rxf6 Qxf6 32. Rh8+ Ke7 33. Rxb8 bxc3 34. Qh3
cxb2+ 35. Kb1 Qe5 36. f3 Rg7 37. Rc8 g4 38. Qh8 Kf6 39. Rxc7 {Black resigns} 1-0

[Event "Team 45 45 League T48"]
[Site "Internet Chess Club"]
[Date "2011.03.04"]
[Round "4"]
[White "KingDestroyer"]
[Black "imgr8"]
[Result "1-0"]
[WhiteElo "2252"]
[BlackElo "2083"]
[Opening "QGD: Tarrasch, Prague variation, 9.Bg5"]
[ECO "D34"]
[Time "19:18:55"]
[TimeControl "2700+45"]

1. Nf3 c5 2. c4 Nf6 3. Nc3 e6 4. g3 d5 5. cxd5 exd5 6. d4 Nc6 7. Bg2 Be7 8. O-O
O-O 9. Bg5 c4 10. Ne5 Be6 11. b3 Qa5 12. Qd2 Bb4 13. Nxc6 bxc6 14. Bxf6 gxf6 15.
Rfc1 Rfd8 16. bxc4 dxc4 17. Bxc6 Rac8 18. Bf3 Qb6 19. e3 Bf5 20. Qb2 Bd3 21. a3
Bxc3 22. Qxc3 Rb8 23. Ra2 Rdc8 24. Be2 Qe6 25. Rd2 Rb3 26. Qa5 Be4 27. Bf1 c3
28. Rdd1 c2 29. Re1 Qe7 30. a4 Qa3 31. Qh5 Bg6 32. Qe2 Rb1 33. Rxb1 cxb1=Q 34.
Rxb1 Rc2 35. Rb8+ Kg7 36. Qb5 Qc1 37. Qe8 Kh6 38. Qf8+ Kg5 39. Rb5+ f5 40. h4+
Kh5 41. Qe7 h6 42. Qe4 {Black resigns} 1-0

[Event "Team 45 45 League T48"]
[Site "Internet Chess Club"]
[Date "2011.03.06"]
[Round "4"]
[White "Buckeye22"]
[Black "bwang88"]
[Result "1/2-1/2"]
[WhiteElo "2005"]
[BlackElo "1967"]
[Opening "Queen's gambit declined"]
[ECO "D30"]
[Time "10:02:27"]
[TimeControl "2700+45"]

1. d4 d5 2. c4 e6 3. cxd5 exd5 4. Nc3 c6 5. Qc2 g6 6. Nf3 Bf5 7. Qb3 Qb6 8. Bf4
Nd7 9. Qxb6 axb6 10. Rc1 b5 11. a3 Nb6 12. e3 Nf6 13. Be5 Be7 14. h3 O-O 15.
Bxf6 Bxf6 16. g4 Be6 17. Bd3 Nc4 18. Rc2 Be7 19. Ke2 b4 20. axb4 b5 21. e4 dxe4
22. Bxe4 Ra6 23. d5 cxd5 24. Nxd5 Bxd5 25. Bxd5 Bxb4 26. Bxc4 Re8+ 27. Kf1 bxc4
28. Rxc4 Rb6 29. Rc2 Bf8 30. Kg2 Reb8 31. Rb1 Bg7 32. Nd2 Rxb2 33. Rcxb2 {Game
drawn by mutual agreement} 1/2-1/2

[Event "Team 45 45 League T48"]
[Site "Internet Chess Club"]
[Date "2011.03.05"]
[Round "4"]
[White "brgdgaf"]
[Black "irock"]
[Result "1-0"]
[WhiteElo "1919"]
[BlackElo "1795"]
[Opening "Queen's pawn game"]
[ECO "A46"]
[Time "16:10:00"]
[TimeControl "2700+45"]

1. d4 Nf6 2. Nf3 e6 3. g3 d5 4. Bg2 c5 5. O-O Nc6 6. c4 Be7 7. dxc5 Bxc5 8. a3
a5 9. cxd5 Nxd5 10. Qc2 Be7 11. e4 Nf6 12. Rd1 Bd7 13. Bf4 Ng4 14. h3 e5 15.
hxg4 exf4 16. gxf4 Qb8 17. Rxd7 Kxd7 18. Nc3 h5 19. g5 h4 20. Bh3+ Ke8 21. e5
Qa7 22. e6 Qc5 23. exf7+ Kxf7 24. g6+ Ke8 25. Re1 Rd8 26. Qb3 Rf8 27. Nb5 Nb8
28. Qe6 Rxf4 29. b4 axb4 30. axb4 Qxb4 31. Nc7+ Kf8 32. Bf5 Rxf5 33. Qxf5+ Bf6
34. Ne6+ Ke7 35. Nxg7+ Qxe1+ 36. Nxe1 Bxg7 37. Qf7+ {Black resigns} 1-0

[Event "Team 45 45 League T48"]
[Site "Internet Chess Club"]
[Date "2011.03.06"]
[Round "4"]
[White "Walker42"]
[Black "Philly-Boy"]
[Result "1-0"]
[WhiteElo "2122"]
[BlackElo "1883"]
[Opening "Trompowsky attack (Ruth, Opocenský opening)"]
[ECO "A45"]
[Time "19:00:49"]
[TimeControl "2700+45"]

1. d4 Nf6 2. Bg5 g6 3. Bxf6 exf6 4. e3 Bg7 5. c4 d5 6. Nc3 c6 7. cxd5 cxd5 8.
Nge2 O-O 9. g3 g5 10. Bg2 Be6 11. O-O f5 12. Qb3 Qd7 13. Bxd5 Nc6 14. Bxe6 fxe6
15. Rac1 Rad8 16. Rfd1 Ne7 17. Qa4 Nc6 18. d5 exd5 19. Nxd5 Qf7 20. Nec3 Ne5 21.
Qb3 Kh8 22. Qc2 f4 23. exf4 Nf3+ 24. Kg2 Qh5 25. h3 Rde8 26. Qd3 Nd4 27. Re1 Rd8
28. Qd1 Qh6 29. Re4 Nf5 30. Qg4 Qc6 31. Rce1 Rxd5 32. Nxd5 Qxd5 33. Qxg5 Bh6 34.
Qg4 Rg8 35. Qd1 Ne3+ 36. fxe3 Qxe4+ 37. Qf3 Qxf3+ 38. Kxf3 Rc8 39. Rd1 Rc7 40.
g4 Bf8 41. e4 Kg7 42. e5 Bc5 43. f5 Kf7 44. g5 Ke7 45. h4 Rd7 46. Rxd7+ Kxd7 47.
Ke4 b6 48. Kd5 Ke7 49. f6+ Kf7 50. e6+ Ke8 51. e7 Kf7 52. h5 Be3 53. g6+ hxg6
54. hxg6+ Ke8 55. Ke6 Bd2 56. f7# {Black checkmated} 1-0